 Dungeon Crawl Stone Soup version 0.26-a0-660-gc07710193c (webtiles) character file.

Game seed: 2354120474612236436

50957 halkony2012 the Warrior (level 14, 0/136 HPs)
             Began as a Minotaur Fighter on Oct 7, 2020.
             Was the Champion of Okawaru.
             Slain by a catoblepas (5 damage)
             ... on level 6 of the Lair of Beasts.
             The game lasted 00:55:52 (19052 turns).

halkony2012 the Warrior (Minotaur Fighter)         Turns: 19052, Time: 00:55:52

Health: 0/136      AC: 20    Str: 24    XL:     14   Next: 21%
Magic:  0/15       EV: 13    Int:  5    God:    Okawaru [******]
Gold:   1010       SH: 15    Dex: 14    Spells: 13/13 levels left

rFire    . . .     SeeInvis +   a - +7 long sword "Omnin" {vorpal, rElec rN+ Dex+2}
rCold    + + .     Faith    .   c - +0 kite shield
rNeg     + . .     Spirit   +   S - +4 chain mail {rC+}
rPois    .         Reflect  .   (helmet restricted)
rElec    +         Harm     .   J - +1 cloak
rCorr    .         Rampage  .   (no gloves)
MR       +....                  w - +2 pair of boots
Stlth    +.........             y - amulet of guardian spirit
HPRegen  0.32/turn              i - ring of protection from fire
MPRegen  0.14/turn              M - ring of ice

@: mighty, heroism
A: retaliatory headbutt, horns 2, see invisible, agile 1, deformed body, weak 1
a: Heroism, Finesse, Renounce Religion


You were on level 6 of the Lair of Beasts.
You worshipped Okawaru.
Okawaru was exalted by your worship.
You visited 3 branches of the dungeon, and saw 16 of its levels.

You collected 1010 gold pieces.

Inventory:

Hand Weapons
 a - the +7 long sword "Omnin" (weapon) {vorpal, rElec rN+ Dex+2}
   (You found it on level 1 of the Lair of Beasts)

   It inflicts extra damage upon your enemies.
   It affects your dexterity (+2).
   It insulates you from electricity.
   It protects you from negative energy.
 b - the +1 hunting sling of Might {flame, *Corrode rF+ MR+ Str+2, b}
   (Okawaru gifted it to you on level 2 of the Lair of Beasts)

   It causes projectiles fired from it to burn those they strike, causing extra
   injury to most foes and up to half again as much damage against particularly
   susceptible opponents.
   It affects your strength (+2).
   It protects you from fire.
   It affects your resistance to hostile enchantments.
   It may corrode you when you take damage.
 g - a +4 short sword of protection
 j - a +2 trident of flaming
 o - the +4 war axe "Wuruges" {vamp, rElec Int-3 Dex+3, unknown}
   (Okawaru gifted it to you on level 2 of the Lair of Beasts)

   It inflicts no extra harm, but heals its wielder when it wounds a living foe.
   It affects your intelligence (-3).
   It affects your dexterity (+3).
   It insulates you from electricity.
 x - the +0 great sword of Suicidal Tendencies {vorpal, MP+9 Int+5}
   (Okawaru gifted it to you on level 6 of the Lair of Beasts)

   It inflicts extra damage upon your enemies.
   It affects your intelligence (+5).
   It affects your magic capacity (+9).
 A - a +1 mace of protection
 D - a +1 flail of holy wrath
 L - a +0 trident
Missiles
 C - 4 boomerangs of dispersal (quivered)
 E - 136 stones
 R - 21 sling bullets
Armour
 c - a +0 kite shield (worn)
 u - a +1 plate armour
 w - a +2 pair of boots (worn)
 J - a +1 cloak (worn)
 O - a scarf of harm
 S - a +4 chain mail of cold resistance (worn)
Jewellery
 i - a ring of protection from fire (left hand)
 q - an uncursed ring of positive energy
 r - an uncursed ring of magical power
 y - an amulet of guardian spirit (around neck)
 G - an uncursed ring of protection from fire
 M - a ring of ice (right hand)
Wands
 l - a wand of disintegration (10)
 n - a wand of random effects (38)
 v - a wand of flame (22)
 F - a wand of acid (17)
 N - a wand of digging (2)
Scrolls
 d - 3 scrolls of magic mapping
 e - 11 scrolls of remove curse
 m - 13 scrolls of identify
 p - a scroll of random uselessness
 s - 3 scrolls of enchant weapon
 z - 2 scrolls of enchant armour
Potions
 f - 4 potions of curing
 h - 4 potions of flight
 k - a potion of magic
 t - 2 potions of brilliance
 I - 2 potions of might
Miscellaneous
 K - a condenser vane (2/2)


   Skills:
 + Level 15.8(20.8) Fighting
 - Level 12.1(18.7) Short Blades
 - Level 12.0(19.2) Long Blades
 - Level 2.5(7.5) Polearms
 - Level 1.4(6.5) Slings
 - Level 0.1(5.7) Throwing
 - Level 12.0(17.0) Armour
 * Level 3.5(8.5) Dodging
 - Level 3.6(8.6) Stealth
 - Level 11.4(16.4) Shields
 - Level 3.2 Invocations


You had 13 spell levels left.
You didn't know any spells.
Your spell library contained the following spells:

 Spells                   Type           Power        Failure   Level
 Corona                   Hex            #......      90%         1
 Foxfire                  Conj/Fire      #...         90%         1
 Shock                    Conj/Air       #...         90%         1
 Summon Small Mammal      Summ           #...         90%         1
 Call Imp                 Summ           #.......     97%         2
 Ensorcelled Hibernation  Hex/Ice        #.....       97%         2
 Poisonous Vapours        Pois/Air       #.....       97%         2
 Swiftness                Air            #.......     97%         2
 Call Canine Familiar     Summ           #.......     99%         3
 Confusing Touch          Hex            #.......     99%         3
 Dazzling Flash           Conj/Hex       #.....       99%         3
 Static Discharge         Conj/Air       #.......     99%         3
 Summon Guardian Golem    Hex/Summ       #.......     99%         3
 Tukima's Dance           Hex            #.......     99%         3
 Airstrike                Air            #.........   100%        4
 Summon Ice Beast         Ice/Summ       #.......     100%        4
 Summon Lightning Spire   Summ/Air       #.......     100%        4
 Bolt of Magma            Conj/Fire/Erth #.........   100%        5
 Fireball                 Conj/Fire      #.........   100%        5
 Lightning Bolt           Conj/Air       #.........   100%        5
 Orb of Destruction       Conj           #.........   100%        7


Dungeon Overview and Level Annotations

Branches:
Dungeon (9/15)             Temple (1/1) D:5            Lair (6/6) D:9
  Swamp (0/4) Lair:2        Snake (0/4) Lair:4
  Slime: Lair:5-6       Orc: D:9-12

Altars:
Ashenzari
Cheibriados
Dithmenos
Elyvilon
Fedhas
Gozag
Hepliaklqana
Kikubaaqudgha
Makhleb
Nemelex Xobeh
Okawaru
Qazlal
Ru
Sif Muna
Trog
Uskayaw
Vehumet
Wu Jian
Xom
Yredelemnul
Zin
The Shining One

Annotations:
D:9 1 exclusion
Lair:5 2 runed translucent doors, kazelolz's ghost, journeyman MiBe


Innate Abilities, Weirdness & Mutations

You reflexively headbutt those who attack you in melee.
You have a pair of horns on your head.
You have supernaturally acute eyesight. (SInv)
You are agile. (Dex +2)
Armour fits poorly on your strangely shaped body.
You are weak. (Str -2)


Message History

The komodo dragon bites you but does no damage.
You slash the komodo dragon!
The komodo dragon is almost dead.
The catoblepas gores you but does no damage.
You block the komodo dragon's attack.
You hit the komodo dragon. You headbutt the komodo dragon.
You kill the komodo dragon!
Okawaru accepts your kill. You block the catoblepas's attack.
You gain the combat prowess of a mighty hero.
The water moccasin misses you. The catoblepas closely misses you.
You slash the catoblepas!
You headbutt the catoblepas, but do no damage.
The catoblepas is heavily wounded.
The water moccasin bites you.
* * * LOW HITPOINT WARNING * * *
You hit the catoblepas.
The catoblepas is severely wounded.
You block the water moccasin's attack. The catoblepas gores you.
You die...

#...#÷.## #.§.#
#.####..# ##...
#####..## ##....
#P..P####Y.###
##.....##..## # ###
##P.8.8.....#
###.###..8....8.###
#....##.....8....##
##...@Y......8..P.#
##...S.###....####
###..## ###### ####


You could see a catoblepas and a water moccasin.

Vanquished Creatures
  Gastronok (Lair:3)
  2 catoblepae (Lair:6)
  A boulder beetle (Lair:5)
  Erica (D:9)
  3 hydras
  2 two-headed ogres (D:9)
  17 death yaks
  A lindwurm (Lair:3)
  An orb spider (shapeshifter) (D:8)
  2 manticores (Lair:6)
  2 black mambas
  11 elephants
  Maggie (D:7)
  11 cane toads
  9 komodo dragons
  3 rime drakes
  2 polar bears
  17 blink frogs
  5 dream sheep
  39 yaks
  5 wyverns
  Eustachio (D:4)
  5 nagas (Lair:4)
  10 water moccasins
  A soldier ant (D:9)
  An ice beast (D:6)
  A sky beast (D:8)
  5 orc warriors
  A phantom (D:9)
  4 ogres
  21 wolves
  3 necrophages
  5 centaurs
  2 big kobolds (D:9)
  9 bullfrogs
  7 scorpions
  8 killer bees (D:9)
  3 wights (D:6)
  5 howler monkeys
  An electric eel (Lair:4)
  A centaur zombie (D:8)
  A jelly (D:5)
  5 hounds
  A bullfrog zombie (D:5)
  8 orc priests
  A bullfrog skeleton (D:6)
  12 orc wizards
  A centaur skeleton (D:6)
  Terence (D:2)
  Natasha (thrice) (D:2)
  2 iguanas (D:8)
  10 worker ants
  A hound skeleton (D:4)
  Robin (D:2)
  A worker ant zombie (D:5)
  A howler monkey skeleton (D:5)
  11 adders
  A shadow imp (D:8)
  A white imp (D:8)
  An ufetubus (D:9)
  2 oozes (D:2)
  2 adder zombies
  3 adder skeletons
  2 worms
  3 dart slugs
  7 leopard geckos
  38 orcs
  2 ball pythons
  6 bats
  4 giant cockroaches
  13 goblins
  7 hobgoblins
  3 jackals (D:1)
  8 quokkas
  3 frilled lizards
  A jackal skeleton (D:6)
  20 kobolds
  8 rats
425 creatures vanquished.

Vanquished Creatures (collateral kills)
  A hydra (Lair:2)
  A black mamba (Lair:2)
  A rime drake (Lair:2)
  A komodo dragon (Lair:2)
  A basilisk (Lair:2)
  2 water moccasins (Lair:2)
  A bullfrog (Lair:2)
8 creatures vanquished.

Vanquished Creatures (others)
  3 bushes (Lair:6)
  71 fungi
  69 plants
143 creatures vanquished.

Grand Total: 576 creatures vanquished

Notes
Turn   | Place    | Note
-------+----------+-------------------------------------------
     0 | D:1      | halkony2012 the Minotaur Fighter began the quest for the
                  | Orb.
     0 | D:1      | Reached XP level 1. HP: 19/19 MP: 0/0
   260 | D:1      | Reached XP level 2. HP: 17/27 MP: 1/1
   469 | D:1      | Reached skill level 4 in Fighting
   495 | D:1      | Reached skill level 1 in Short Blades
   667 | D:1      | Reached XP level 3. HP: 31/33 MP: 2/2
   838 | D:2      | Noticed Terence
   850 | D:2      | Killed Terence
   869 | D:2      | Noticed Robin
   879 | D:2      | Reached XP level 4. HP: 39/40 MP: 3/3
   945 | D:2      | Killed Robin
  1250 | D:2      | Noticed Natasha
  1259 | D:2      | Killed Natasha
  1259 | D:2      | Reached XP level 5. HP: 28/47 MP: 4/4
  1473 | D:2      | Noticed Natasha
  1481 | D:2      | Killed Natasha
  1490 | D:2      | Noticed Natasha
  1501 | D:2      | Killed Natasha
  1501 | D:2      | Reached skill level 5 in Short Blades
  2166 | D:4      | Noticed Eustachio
  2251 | D:4      | Reached XP level 6. HP: 51/53 MP: 5/5
  2333 | D:4      | Reached skill level 1 in Dodging
  2614 | D:4      | Killed Eustachio
  2614 | D:4      | Reached XP level 7. HP: 58/60 MP: 6/6
  2969 | D:4      | Reached skill level 5 in Fighting
  3253 | D:5      | Entered Level 5 of the Dungeon
  3562 | D:5      | Reached XP level 8. HP: 46/69 MP: 7/7
  3715 | D:5      | Found a staircase to the Ecumenical Temple.
  4246 | D:5      | Reached skill level 6 in Fighting
  4528 | Temple   | Entered the Ecumenical Temple
  4715 | Temple   | Became a worshipper of Warmaster Okawaru
  4785 | D:6      | Reached skill level 10 in Short Blades
  5460 | D:6      | Reached skill level 1 in Stealth
  5471 | D:6      | Found a broken altar of Ashenzari.
  5497 | D:7      | Reached * piety under Okawaru
  5497 | D:7      | Reached XP level 9. HP: 25/78 MP: 8/8
  5512 | D:7      | Reached skill level 7 in Fighting
  6089 | D:6      | Found an iron altar of Okawaru.
  6221 | D:6      | Found a blossoming altar of Fedhas.
  7161 | D:7      | Noticed Maggie
  7183 | D:7      | Killed Maggie
  7674 | D:7      | Reached skill level 5 in Armour
  8031 | D:8      | Noticed an orb spider
  8042 | D:8      | Killed an orb spider
  8042 | D:8      | Reached ** piety under Okawaru
  8042 | D:8      | Reached skill level 8 in Fighting
  8136 | D:8      | Reached XP level 10. HP: 80/90 MP: 5/9
  8701 | D:9      | Reached skill level 1 in Invocations
  8737 | D:9      | Noticed a four-headed hydra
  8748 | D:9      | Killed a four-headed hydra
  8748 | D:9      | Reached *** piety under Okawaru
  8748 | D:9      | Reached skill level 9 in Fighting
  8945 | D:9      | Noticed a two-headed ogre
  8965 | D:9      | Killed a two-headed ogre
  9239 | D:9      | Reached skill level 10 in Armour
  9245 | D:9      | Reached **** piety under Okawaru
  9378 | D:9      | Reached skill level 10 in Fighting
  9402 | D:9      | Noticed Erica
  9427 | D:9      | Killed Erica
  9427 | D:9      | Reached XP level 11. HP: 78/99 MP: 6/11
  9564 | D:9      | Found a staircase to the Lair.
  9575 | D:9      | Received a gift from Okawaru
  9995 | D:9      | Noticed a two-headed ogre
 10029 | D:9      | Killed a two-headed ogre
 10029 | D:9      | Received a gift from Okawaru
 10349 | Lair:1   | Entered Level 1 of the Lair of Beasts
 11110 | Lair:1   | Got a scorched long sword
 11111 | Lair:1   | Identified the +7 long sword "Omnin" {vorpal, rElec rN+
                  | Dex+2} (You found it on level 1 of the Lair of Beasts)
 11174 | Lair:1   | Noticed a lindwurm
 11234 | Lair:1   | Reached ***** piety under Okawaru
 11234 | Lair:1   | Reached skill level 11 in Fighting
 11237 | Lair:1   | Reached skill level 1 in Long Blades
 11947 | Lair:2   | Noticed an eight-headed hydra
 11972 | Lair:2   | Received a gift from Okawaru
 11973 | Lair:2   | Got an encrusted hunting sling {god gift}
 11981 | Lair:2   | Killed a ten-headed hydra
 11981 | Lair:2   | Reached skill level 5 in Long Blades
 12102 | Lair:2   | Found a staircase to the Swamp.
 12751 | Lair:2   | Identified the +1 hunting sling of Might {flame, *Corrode
                  | rF+ MR+ Str+2, b} (Okawaru gifted it to you on level 2 of
                  | the Lair of Beasts)
 13013 | Lair:2   | Reached skill level 1 in Slings
 13259 | Lair:3   | Noticed a four-headed hydra
 13269 | Lair:3   | Noticed a lindwurm
 13270 | Lair:3   | Killed an eight-headed hydra
 13270 | Lair:3   | Reached XP level 12. HP: 91/112 MP: 6/13
 13532 | Lair:3   | Found a glowing golden altar of the Shining One.
 13544 | Lair:3   | Reached skill level 12 in Fighting
 13587 | Lair:3   | Noticed Gastronok
 13959 | Lair:3   | Noticed a death yak
 13959 | Lair:3   | Noticed a death yak
 13959 | Lair:3   | Noticed a death yak
 13969 | Lair:3   | Noticed a death yak
 13969 | Lair:3   | Noticed a death yak
 13969 | Lair:3   | Noticed a death yak
 13993 | Lair:3   | Killed a death yak
 14001 | Lair:2   | Killed a death yak
 14020 | Lair:2   | Killed a death yak
 14020 | Lair:2   | Received a gift from Okawaru
 14031 | Lair:2   | Killed a death yak
 14031 | Lair:2   | Reached skill level 10 in Long Blades
 14034 | Lair:2   | Got a bloodstained war axe {god gift}
 14044 | Lair:3   | Killed a death yak
 14134 | Lair:3   | Killed a death yak
 14519 | Lair:3   | Reached skill level 5 in Shields
 14955 | Lair:3   | Killed Gastronok
 14955 | Lair:3   | Received a gift from Okawaru
 15308 | Lair:4   | Reached skill level 13 in Fighting
 15539 | Lair:4   | Reached XP level 13. HP: 122/122 MP: 14/14
 16092 | Lair:4   | Found a staircase to the Snake Pit.
 16693 | Lair:5   | Reached skill level 14 in Fighting
 17368 | Lair:5   | Reached skill level 10 in Shields
 17742 | Lair:5   | Reached ****** piety under Okawaru
 17775 | Lair:5   | Found a large runed translucent door.
 17775 | Lair:5   | Found a large runed translucent door.
 17778 | Lair:5   | Noticed kazelolz's ghost (journeyman MiBe)
 17805 | Lair:6   | Entered Level 6 of the Lair of Beasts
 17815 | Lair:6   | Received a gift from Okawaru
 17989 | Lair:6   | Received a gift from Okawaru
 17992 | Lair:6   | Reached skill level 15 in Fighting
 18047 | Lair:6   | Got a crystal great sword {god gift}
 18054 | Lair:6   | Identified the +0 great sword of Suicidal Tendencies
                  | {vorpal, MP+9 Int+5} (Okawaru gifted it to you on level 6
                  | of the Lair of Beasts)
 18485 | Lair:6   | Reached XP level 14. HP: 108/135 MP: 9/15
 18749 | Lair:6   | Identified the Grimoire of Feathery Confrontation
 18832 | Lair:6   | Received a gift from Okawaru
 19046 | Lair:6   | HP: 4/136 [komodo dragon (9)]
 19047 | Lair:6   | Gained mutation: Armour fits poorly on your strangely
                  | shaped body. [potion of mutation]
 19047 | Lair:6   | Gained mutation: You are agile. (Dex +2) [potion of
                  | mutation]
 19047 | Lair:6   | Gained mutation: You are weak. (Str -2) [potion of
                  | mutation]
 19047 | Lair:6   | Gained mutation: You have supernaturally acute eyesight.
                  | (SInv) [potion of mutation]
 19051 | Lair:6   | HP: 5/136 [water moccasin (1)]
 19052 | Lair:6   | Slain by a catoblepas

Illustrated notes

Levels and vault maps discovered:
D:1:      lightli_arrival_lavapool, layout_rooms
D:2:      layout_rooms, uniq_terence, uniq_natasha, uniq_robin
D:3:      layout_basic
D:4:      layout_basic, minivault_4, uniq_eustachio
D:5:      minmay_spotlight, layout_gridville, minmay_temple_entry_slanted
D:6:      layout_basic, ashenzari_conservatory_becter, fedhas_altar_2,
          okawaru_gym_becter
D:7:      layout_loops_ring, uniq_maggie
D:8:      kennysheep_big_flooded_room, layout_basic
D:9:      layout_cave_pods, lair_entry_dummy, serial_bayou_pond_d, uniq_erica
Temple:   regret_index_temple_chain_breaker
Lair:1:   layout_chaotic_city, nicolae_volcano_entry_vermiform,
          serial_bayou_shore_b, minmay_lair_oklob_chamber
Lair:2:   layout_hall_layers, minmay_swamp_entry_reptiles, lemuel_fruit_fields
Lair:3:   layout_long_grid, basic_altar, uniq_gastronok
Lair:4:   layout_hall_layers, minmay_snake_entry_guardpost_medium,
          infiniplex_staircase_pool
Lair:5:   layout_loops_ring, ebering_ghost_disaster_area
Lair:6:   evilmike_catoblepas_cave, layout_loops_ring, slime_altar_2,
          infiniplex_staircase_pool_2

Skill      XL: |  1  2  3  4  5  6  7  8  9 10 11 12 13 14 |
---------------+-------------------------------------------+-----
Fighting       | 4 5 6 8 10 11 13 15 | 15.8
Short Blades   | 1 3 4 5 7 9 11 12 | 12.1
Dodging        | 1 3 |  3.5
Stealth        | 1 2 3 |  3.6
Armour         | 6 10 12 | 12.0
Invocations    | 2 3 |  3.2
Long Blades    | 7 11 12 | 12.0
Slings         | 1 |  1.4
Shields        | 6 11 | 11.4
Polearms       | |  2.5
Throwing       | |  0.1

Action                   |  1- 3 |  4- 6 |  7- 9 | 10-12 | 13-15 || total
-------------------------+-------+-------+-------+-------+-------++-------
Melee: Trident           |     9 |       |       |       |       ||     9
       Short sword       |    48 |   128 |   354 |   314 |       ||   844
       Headbutt          |     5 |    18 |    77 |   130 |   113 ||   343
       Long sword        |       |       |       |   265 |   390 ||   655
 Fire: Hunting sling     |       |       |       |     6 |     3 ||     9
Throw: Boomerang         |       |       |       |     1 |       ||     1
Invok: Heroism           |       |       |     4 |    16 |    15 ||    35
       Finesse           |       |       |       |       |     1 ||     1
  Use: Potion            |     1 |     3 |     3 |     6 |     6 ||    19
       Scroll            |       |     3 |     7 |     9 |     3 ||    22
Armor: Scale mail        |    28 |    42 |    46 |       |       ||   116
       Plate armour      |       |       |    19 |   279 |   203 ||   501
       Chain mail        |       |       |       |       |    44 ||    44
Dodge: Dodged            |     8 |    38 |    65 |   106 |    90 ||   307
Block: Kite shield       |    24 |    68 |    93 |   278 |   214 ||   677
       Rpst.: Long sword |       |       |       |    17 |    17 ||    34

Table legend: (Time is in decaauts)
 A = Elapsed time spent in this place.
 B = Non-inter-level travel time spent in this place.
 C = Inter-level travel time spent in this place.
 D = Time resting spent in this place.
 E = Time spent auto-exploring this place.
 F = Levels seen in this place.
 G = Mean time per level.
                   A        B        C        D        E       F      G
               +--------+--------+--------+--------+--------+-----+--------+
         Total |  18661 |  17787 |    874 |   4411 |  10064 |  16 | 1166.3 |
       Dungeon |   9918 |   9363 |    555 |   1903 |   5683 |   9 | 1102.0 |
        Temple |    207 |    134 |     73 |      0 |    129 |   1 |  207.0 |
          Lair |   8535 |   8289 |    246 |   2507 |   4252 |   6 | 1422.5 |
               +--------+--------+--------+--------+--------+-----+--------+

Top non-repeatable levels by time:
  Lair:3: 1879 daAuts
     D:5: 1752 daAuts
  Lair:2: 1737 daAuts
  Lair:4: 1684 daAuts
     D:9: 1577 daAuts
     D:6: 1498 daAuts
  Lair:1: 1305 daAuts
  Lair:6: 1183 daAuts
     D:4: 1084 daAuts
     D:7: 1031 daAuts
     D:1: 843 daAuts
     D:8: 759 daAuts
  Lair:5: 745 daAuts
     D:3: 695 daAuts
     D:2: 676 daAuts
